 Dungeon Crawl Stone Soup version 0.29-a0-474-gdfe5cd140f (webtiles) character file.

Game seed: 3951123216369669433

9172 Bruhh the Fighter (level 11, -13/117 HPs)
             Began as an Ogre Earth Elementalist on May 24, 2022.
             Was an Elder of Vehumet.
             Mangled by a seven-headed hydra (14 damage)
             ... on level 11 of the Dungeon on May 25, 2022.
             The game lasted 00:25:07 (13208 turns).

Bruhh the Fighter (Ogre Earth Elementalist)        Turns: 13208, Time: 00:25:07

Health: -13/117    AC:  5    Str: 12 (14) XL:     11   Next: 42%
Magic:  3/24       EV:  9    Int: 20      God:    Vehumet [****..]
Gold:   223        SH:  0    Dex:  9      Spells: 11/29 levels left

rFire   . . .      SeeInvis .   D - +3 quarterstaff (chaos)
rCold   . . .      Faith    .   (shield currently unavailable)
rNeg    . . .      Spirit   .   M - +1 robe of the Battered Wishes {rElec}
rPois   .          Reflect  .   (helmet restricted)
rElec   +          Harm     .   C - +0 cloak
rCorr   .          Rampage  .   (gloves unavailable)
Will    +....                   (boots unavailable)
Stlth   +.........              n - amulet of magic regeneration
HPRegen 0.29/turn               g - ring of wizardry
MPRegen 0.59/turn               (no ring)

@: brilliant, very slightly contaminated
A: large, unfitting armour, tough skin 1, deterioration 1, screaming 1, subdued
magic 1
a: Renounce Religion


You were on level 11 of the Dungeon.
You worshipped Vehumet.
Vehumet was greatly pleased with you.
You visited 2 branches of the dungeon, and saw 12 of its levels.
You also visited: Ossuary.

You collected 663 gold pieces.
You spent 440 gold pieces at shops.

Inventory:

Hand Weapons
 e - a +0 dagger
 D - a +3 quarterstaff of chaos (weapon)
Missiles
 m - 8 large rocks
 A - 117 stones
Armour
 b - a +0 robe
 C - a +0 cloak (worn)
 I - a +1 robe of fire resistance
 M - the +1 robe of the Battered Wishes (worn) {rElec}
   (You found it on level 10 of the Dungeon)

   rElec:     It insulates you from electricity.
 N - a +0 troll leather armour
Jewellery
 g - a ring of wizardry (left hand)
 n - an amulet of magic regeneration (around neck)
 L - a +6 ring of intelligence
Wands
 l - a wand of iceblast (16)
 q - a wand of paralysis (4)
 t - a wand of acid (16)
Scrolls
 a - a scroll of vulnerability {unknown}
 d - 2 scrolls of amnesia
 h - a scroll of enchant armour
 i - 5 scrolls of teleportation
 j - 3 scrolls of noise
 p - a scroll of fear
 s - 3 scrolls of immolation
 v - 3 scrolls of poison
 w - 2 scrolls of silence
 y - a scroll of fog
 E - 4 scrolls of enchant weapon
 G - a scroll of acquirement {unknown}
 H - 2 scrolls of summoning {unknown}
 K - 4 scrolls of identify
Potions
 c - 2 potions of berserk rage
 f - a potion of attraction {unknown}
 k - 2 potions of resistance
 o - 2 potions of might
 r - a potion of experience {unknown}
 z - 2 potions of ambrosia
 B - 3 potions of degeneration {unknown}
 F - a potion of curing {unknown}
 J - a potion of haste {unknown}


   Skills:
 - Level 10.0 Fighting
 - Level 1.7 Dodging
 - Level 1.4 Stealth
 - Level 9.5 Spellcasting
 - Level 5.0 Conjurations
 - Level 0.8 Transmutations
 + Level 6.5 Fire Magic
 + Level 7.9 Ice Magic
 - Level 5.0 Earth Magic


You had 11 spell levels left.
You knew the following spells:

 Your Spells              Type           Power      Damage    Failure   Level
a - Sandblast             Erth           68%        2d15      1%          1
b - Stone Arrow           Conj/Erth      68%        3d11      1%          3
c - Inner Flame           Hex/Fire       26%        N/A       1%          3
d - Ensorcelled Hibernat  Hex/Ice        58%        N/A       1%          2
e - Olgreb's Toxic Radia  Pois           10%        N/A       8%          4
f - Lee's Rapid Deconstr  Erth           17%        3d11*     2%          5

Your spell library contained the following spells:

 Spells                   Type           Power      Damage    Failure   Level
 Magic Dart               Conj           100%       1d8       1%          1
 Passwall                 Tmut/Erth      20%        N/A       1%          2
 Dazzling Flash           Conj/Hex       44%        N/A       1%          3
 Mephitic Cloud           Conj/Pois/Air  18%        N/A       1%          3
 Blink                    Tloc           20%        N/A       3%          2
 Call Imp                 Summ           10%        N/A       3%          2
 Spider Form              Tmut/Pois      12%        N/A       6%          3
 Lesser Beckoning         Tloc           10%        N/A       8%          3
 Petrify                  Tmut/Erth      24%        N/A       8%          4
 Ozocubu's Refrigeration  Ice            23%        4d9       22%         7
 Anguish                  Hex/Necr       5%         N/A       26%         4
 Passage of Golubria      Tloc           10%        N/A       26%         4
 Borgnjor's Vile Clutch   Necr/Erth      11%        N/A       26%         5
 Alistair's Intoxication  Tmut/Pois      8%         N/A       50%         5
 Agony                    Necr           10%        N/A       56%         5
 Manifold Assault         Tloc           10%        N/A       56%         5
 Silence                  Hex/Air        5%         N/A       56%         5
 Eringya's Noxious Bog    Tmut/Pois      6%         N/A       58%         6
 Ignition                 Fire           20%        3d7       91%         8
 Lehudib's Crystal Spear  Conj/Erth      17%        10d5      98%         8


Dungeon Overview and Level Annotations

Branches:
Dungeon (11/15)            Temple (1/1) D:4            Lair (0/6) D:11
Ossuary (visited)
    Orc: D:9-12

Altars:
Ashenzari
Cheibriados
Dithmenos
Elyvilon
Fedhas
Gozag
Hepliaklqana
Makhleb
Okawaru
Sif Muna
Trog
Uskayaw
Vehumet
Xom
Yredelemnul
Zin
The Shining One

Shops:
D:3 !   D:8 [:


Innate Abilities, Weirdness & Mutations

You are too large for most types of armour.
You have tough skin. (AC +1)
Your body sometimes deteriorates upon taking damage.
You occasionally shout uncontrollably at your foes.
Your spells are a little easier to cast, but a little less powerful.


Message History

Vehumet accepts your kill.
You feel your power returning.
Casting: Stone Arrow (safe; 1% risk of failure)
Confirm with . or Enter, or press ? or * to list all spells.
Okay, then.
Casting: Stone Arrow (safe; 1% risk of failure)
Confirm with . or Enter, or press ? or * to list all spells.
Okay, then.
You feel a surge of power!
The stone arrow hits the seven-headed hydra!
The seven-headed hydra is lightly wounded.
You feel a surge of power!
The stone arrow hits the seven-headed hydra!!
The seven-headed hydra is heavily wounded.
The seven-headed hydra bites you!
The seven-headed hydra barely misses you.
The seven-headed hydra bites you.
The seven-headed hydra bites you but does no damage.
The seven-headed hydra bites you! x3
You are too injured to fight recklessly!
You are too injured to fight recklessly!
Unknown command.
Casting: Stone Arrow (safe; 1% risk of failure)
Confirm with . or Enter, or press ? or * to list all spells.
Aiming: Stone Arrow (safe; 1% risk of failure)
Press: ? - help, Shift-Dir - straight line, f/p - seven-headed hydra
Aim: a seven-headed hydra (heavily wounded, 91% to hit)
You feel a surge of power!
You miscast Stone Arrow.
You are very lightly contaminated with residual magic.
Nothing appears to happen.
The seven-headed hydra bites you. The seven-headed hydra bites you! x2
* * * LOW HITPOINT WARNING * * *
The seven-headed hydra bites you!
* * * LOW HITPOINT WARNING * * *
The seven-headed hydra bites you.
* * * LOW HITPOINT WARNING * * *
The seven-headed hydra bites you!
* * * LOW HITPOINT WARNING * * *
The seven-headed hydra bites you!
You die...

...........#... ≈≈≈≈≈.....
#.. .... .# ≈≈≈.....# #.#
#..# ..# ≈≈≈≈≈≈.[####.##
#..###..# ≈≈≈≈≈.........#
...... .≈≈≈......÷÷..# .....
.D.†....#.##.## #### #†.#
.....$..#.##.######<.###..##
...#...#.......D@..........#
...#...#...................#
...#...#...................#
.. #...#...................#
.. ##.######..######..##..##
. ### #..######..##..#
............#....#
............#....#
#............#


You could see a seven-headed hydra.

Vanquished Creatures
  2 boulder beetles (D:11)
  2 trolls
  Prince Ribbit (D:9)
  2 water elementals (D:11)
  A wraith (D:11)
  Sigmund (D:2)
  Eustachio (D:4)
  A vampire (D:10)
  A wyvern (D:6)
  16 yaks
  A water moccasin (D:5)
  An ice beast (D:5)
  2 ogres (D:6)
  An orc warrior (D:7)
  4 black bears
  2 wolves (D:11)
  2 centaurs
  2 bullfrogs (D:6)
  3 kobold brigands
  A gnoll sergeant (D:7)
  2 scorpions
  4 wights (D:8)
  13 killer bees
  4 howler monkeys
  6 electric eels
  7 hounds
  A jelly (D:7)
  A gnoll shaman (D:7)
  13 orc priests
  Crazy Yiuf (D:6)
  An iguana (D:7)
  7 orc wizards
  A mummy (Ossuary)
  5 adders
  14 gnolls
  A shadow imp (D:7)
  2 white imps (D:6)
  2 worms
  A dart slug (D:1)
  49 orcs
  3 spectral bats (Ossuary)
  4 ball pythons
  5 bats
  5 endoplasms
  2 giant cockroaches
  12 gnoll zombies (Ossuary)
  4 goblins
  2 hobgoblins
  3 jackals (D:5)
  2 quokkas
  A bat simulacrum (Ossuary)
  4 frilled lizards
  2 goblin simulacra (Ossuary)
  9 goblin zombies (Ossuary)
  2 hobgoblin zombies (Ossuary)
  15 kobolds
  5 kobold simulacra (Ossuary)
  3 kobold zombies (Ossuary)
  4 orc zombies (Ossuary)
  2 rats
  3 rat simulacra (Ossuary)
  2 spectral goblins (Ossuary)
  3 spectral kobolds (Ossuary)
  6 spectral rats (Ossuary)
285 creatures vanquished.

Notes
Turn   | Place    | Note
-------+----------+-------------------------------------------
     0 | D:1      | Bruhh the Ogre Earth Elementalist began the quest for the
                  | Orb.
     0 | D:1      | Reached XP level 1. HP: 16/16 MP: 3/3
   221 | D:1      | Reached XP level 2. HP: 24/24 MP: 1/5
  1079 | D:2      | Reached XP level 3. HP: 31/31 MP: 4/7
  1125 | D:2      | Noticed Sigmund
  1130 | D:2      | Gained mutation: You occasionally shout uncontrollably at
                  | your foes. [potion of mutation]
  1130 | D:2      | Gained mutation: Your spells are a little easier to cast,
                  | but a little less powerful. [potion of mutation]
  1130 | D:2      | Gained mutation: Your body sometimes deteriorates upon
                  | taking damage. [potion of mutation]
  1144 | D:2      | Killed Sigmund
  1145 | D:2      | Reached XP level 4. HP: 39/39 MP: 5/10
  1145 | D:2      | Reached XP level 5. HP: 45/45 MP: 5/11
  1156 | D:2      | Learned a level 3 spell: Stone Arrow
  1219 | D:2      | Found a shadowy altar of Dithmenos.
  1465 | D:2      | Found a faded altar of an unknown god.
  1817 | D:3      | Reached skill level 5 in Earth Magic
  1979 | D:3      | Reached skill level 1 in Conjurations
  1979 | D:3      | Reached XP level 6. HP: 53/53 MP: 3/12
  2284 | D:3      | Found Zyerenge's Distillery.
  2448 | D:4      | Noticed Eustachio
  3015 | D:4      | Noticed a black bear
  3026 | D:4      | Killed a black bear
  3027 | D:4      | Reached skill level 5 in Spellcasting
  3027 | D:4      | Reached XP level 7. HP: 59/59 MP: 5/14
  3032 | D:4      | Killed Eustachio
  3442 | D:4      | Found a staircase to the Ecumenical Temple.
  3487 | Temple   | Entered the Ecumenical Temple
  3595 | Temple   | Became a worshipper of Vehumet
  4186 | D:5      | Entered Level 5 of the Dungeon
  4382 | D:5      | Reached XP level 8. HP: 67/67 MP: 13/17
  4696 | D:5      | Reached skill level 5 in Conjurations
  5136 | D:5      | Found a glowing silver altar of Zin.
  5281 | D:5      | Reached skill level 1 in Fighting
  5404 | D:6      | Reached skill level 2 in Fighting
  5405 | D:6      | Reached * piety under Vehumet
  5405 | D:6      | Offered knowledge of Shock by Vehumet.
  5411 | D:6      | Reached skill level 4 in Fighting
  5434 | D:6      | Noticed a wyvern
  5442 | D:6      | Killed a wyvern
  5443 | D:6      | Reached skill level 6 in Fighting
  5443 | D:6      | Reached XP level 9. HP: 75/89 MP: 3/21
  5701 | D:6      | Reached skill level 7 in Fighting
  5760 | D:6      | Found a sand-covered staircase.
  5765 | Ossuary  | Entered an ossuary
  5883 | Ossuary  | Reached ** piety under Vehumet
  5883 | Ossuary  | Offered knowledge of Foxfire by Vehumet.
  6585 | D:6      | Found a runed translucent door.
  6586 | D:6      | Noticed Crazy Yiuf
  6770 | D:6      | Reached skill level 8 in Fighting
  6886 | D:6      | Killed Crazy Yiuf
  7072 | D:7      | Found an opulent altar of Gozag.
  7208 | D:7      | Offered knowledge of Searing Ray by Vehumet.
  7325 | D:7      | Reached skill level 9 in Fighting
  7723 | D:7      | Reached *** piety under Vehumet
  8216 | D:8      | Reached skill level 10 in Fighting
  8443 | D:8      | Offered knowledge of Inner Flame by Vehumet.
  8452 | D:8      | Learned a level 3 spell: Inner Flame
  8925 | D:8      | Found Tuk Qenn's Book Shoppe.
  8925 | D:8      | Found Tiehoskua's Armour Shop.
  8952 | D:8      | Learned a level 2 spell: Ensorcelled Hibernation
  8954 | D:8      | Bought the Unrestrained Analects for 440 gold pieces
  9586 | D:8      | Reached skill level 1 in Ice Magic
  9586 | D:8      | Reached **** piety under Vehumet
  9781 | D:8      | Learned a level 4 spell: Olgreb's Toxic Radiance
  9789 | D:8      | Reached XP level 10. HP: 68/110 MP: 17/23
 10018 | D:9      | Offered knowledge of Lee's Rapid Deconstruction by Vehumet.
 10511 | D:8      | Learned a level 5 spell: Lee's Rapid Deconstruction
 10536 | D:9      | Noticed Prince Ribbit
 10543 | D:9      | Reached skill level 1 in Fire Magic
 10564 | D:9      | Killed Prince Ribbit
 11180 | D:9      | Reached skill level 5 in Ice Magic
 11397 | D:10     | Entered Level 10 of the Dungeon
 11587 | D:10     | Identified the +1 robe of the Battered Wishes {rElec}
 12153 | D:11     | Noticed a seven-headed hydra
 12268 | D:11     | Noticed a boulder beetle
 12276 | D:11     | Killed a boulder beetle
 12277 | D:11     | Reached skill level 5 in Fire Magic
 12277 | D:11     | Reached XP level 11. HP: 76/117 MP: 13/24
 12278 | D:11     | Killed a boulder beetle
 12632 | D:11     | Found a staircase to the Lair.
 12645 | D:11     | Noticed a two-headed ogre
 13208 | D:11     | HP: 1/117 [seven-headed hydra (11)]
 13208 | D:11     | Mangled by a seven-headed hydra

Illustrated notes

Levels and vault maps discovered:
D:1:      psy_arrival_whirlpool, layout_rooms, minivault_4,
          minmay_strange_pillars
D:2:      layout_basic, hellmonk_ecumenical_altar_heavens_door, basic_altar,
          uniq_sigmund
D:3:      layout_rooms, serial_shops, shop
D:4:      nicolae_BIG_FREAKIN_CUBE, layout_basic, temple_green, uniq_eustachio
D:5:      layout_gridville, mainiacjoe_overflow_surrounded_room
D:6:      layout_loops_ring, nicolae_ossuary_entry_false_entrances,
          uniq_crazy_yiuf_cottage
D:7:      layout_layer_cave, nicolae_gozag_seed_capital
D:8:      layout_basic, minivault_21, nicolae_wooded_promenade
D:9:      layout_small_grid, kennysheep_small_square, uniq_prince_ribbit1
D:10:     layout_loops_ring
D:11:     layout_gridville, erik_lair_island, cheibriados_altar_1
Temple:   mainiacjoe_temple_big_plus

Skill      XL: |  1  2  3  4  5  6  7  8  9 10 11 |
---------------+----------------------------------+-----
Earth Magic    | 3 4 5 |  5.0
Spellcasting   | 3 4 5 6 8 9 |  9.5
Conjurations   | 1 3 4 5 |  5.0
Fighting       | 6 10 | 10.0
Ice Magic      | 2 7 |  7.9
Fire Magic     | 5 6 |  6.5
Dodging        | |  1.7
Stealth        | |  1.4
Transmutations | |  0.8

Action                   |  1- 3 |  4- 6 |  7- 9 | 10-12 || total
-------------------------+-------+-------+-------+-------++-------
Melee: Unarmed           |     5 |       |       |       ||     5
       Dagger            |    12 |    14 |    59 |       ||    85
       Punch             |       |     2 |     2 |       ||     4
       Quarterstaff      |       |       |    12 |    24 ||    36
Throw: Large rock        |     2 |       |       |       ||     2
 Cast: Sandblast         |    30 |    10 |    87 |     6 ||   133
       Stone Arrow       |       |    52 |   197 |    86 ||   335
       Olgreb's Toxic Ra |       |       |     2 |    26 ||    28
       Lee's Rapid Decon |       |       |       |     6 ||     6
  Use: Potion            |     2 |     2 |     2 |     8 ||    14
       Scroll            |       |       |    16 |     6 ||    22
Armor: Robe              |     8 |     4 |    58 |     6 ||    76
       Skin              |     4 |    29 |    22 |     8 ||    63
       Troll leather arm |       |       |       |    26 ||    26
Dodge: Dodged            |    12 |     7 |   103 |    50 ||   172

Table legend: (Time is in decaauts)
 A = Elapsed time spent in this place.
 B = Non-inter-level travel time spent in this place.
 C = Inter-level travel time spent in this place.
 D = Time resting spent in this place.
 E = Time spent auto-exploring this place.
 F = Levels seen in this place.
 G = Mean time per level.
                   A        B        C        D        E       F      G
               +--------+--------+--------+--------+--------+-----+--------+
         Total |  13262 |  13004 |    258 |   1914 |   9181 |  13 | 1020.2 |
       Dungeon |  12582 |  12363 |    219 |   1914 |   8768 |  11 | 1143.8 |
        Temple |    235 |    196 |     39 |      0 |    185 |   1 |  235.0 |
       Ossuary |    444 |    444 |      0 |      0 |    228 |   1 |  444.0 |
               +--------+--------+--------+--------+--------+-----+--------+

Top non-repeatable levels by time:
     D:8: 2234 daAuts
    D:10: 1215 daAuts
     D:6: 1212 daAuts
     D:5: 1190 daAuts
     D:3: 1187 daAuts
     D:7: 1129 daAuts
     D:4: 1071 daAuts
     D:9: 1030 daAuts
     D:1: 925 daAuts
     D:2: 769 daAuts
    D:11: 616 daAuts
 Ossuary: 444 daAuts
  Temple: 235 daAuts
